 Dungeon Crawl Stone Soup version 0.16.1-12-gf5c4a84 (webtiles) character file.

2368 BobbyTwoHands the Destroyer (level 9, -5/62 HPs)
             Began as a Red Draconian Conjurer on Apr 10, 2015.
             Was a Follower of Sif Muna.
             Shot with a sling bullet by Joseph (8 damage)
             ... on level 7 of the Dungeon.
             The game lasted 00:20:59 (8378 turns).

BobbyTwoHands the Destroyer (DrCj)                  Turns: 8378, Time: 00:20:59

Health: -5/62      AC: 10    Str: 12    XL:     9   Next: 21%
Magic:  17/23      EV: 12    Int: 18    God:    Sif Muna [*.....]
Gold:   279        SH:  0    Dex: 11    Spells: 4 memorised, 1 level left

rFire  + . .     SeeInvis .     x - +0 dagger (venom) (curse)
rCold  . . .     Clarity  .     (armour unavailable)
rNeg   . . .     SustAb   .     (no shield)
rPois  .         Gourm    .     (helmet restricted)
rElec  .         Spirit   .     (no cloak)
rCorr  .         Warding  .     A - +1 pair of gloves
rMut   .         Stasis   .     k - +0 pair of boots (curse)
MR     .....                    (no amulet)
Stlth  ++........               (no ring)
                                D - ring of magical power

@: not resistant to hostile enchantments, unstealthy
A: breathe fire, unfitting armour, fire resistance 1, cold-blooded, AC +7
a: Breathe Fire, Channel Energy, Renounce Religion


You were on level 7 of the Dungeon.
You worshipped Sif Muna.
Sif Muna was aware of your devotion.
You were hungry.

You visited 2 branches of the dungeon, and saw 8 of its levels.

You collected 279 gold pieces.

Inventory:

Hand weapons
 e - a +1 short sword
 i - a +0 hand axe
 x - a cursed +0 dagger of venom (weapon)
 I - a +0 quarterstaff
Armour
 k - a cursed +0 pair of boots (worn)
 A - a +1 pair of gloves (worn)
Magical staves
 G - an uncursed staff of power
Jewellery
 D - a ring of magical power (left hand)
 F - an uncursed ring of fire
Magical devices
 v - a wand of paralysis (11)
 B - a wand of draining (9)
Scrolls
 g - a scroll of random uselessness
 j - 3 scrolls of fear
 m - a scroll of remove curse {unknown}
 q - a scroll of enchant weapon
 t - 2 scrolls of magic mapping
 u - a scroll of teleportation
 z - a scroll of recharging
 E - a scroll of amnesia {unknown}
 M - a scroll of immolation {unknown}
Potions
 a - 4 potions of haste
 d - 5 potions of curing
 f - a potion of ambrosia
 h - a potion of magic
 n - 2 potions of flight
 o - 3 potions of might
 p - 2 potions of brilliance {unknown}
 r - 2 potions of poison {unknown}
 s - 3 potions of restore abilities {unknown}
 w - a potion of mutation {unknown}
 C - a potion of heal wounds {unknown}
 H - a potion of invisibility {unknown}
Books
 c - a book of Conjurations

   Spells                             Type                      Level
   a - Magic Dart                     Conjuration                  1
   b - Searing Ray                    Conjuration                  2
   c - Dazzling Spray                 Conjuration/Hexes            3
   d - Fulminant Prism                Conjuration/Hexes            4
   e - Iskenderun's Mystic Blast      Conjuration                  4
   f - Iskenderun's Battlesphere      Conjuration/Charms           5
 y - a Necronomicon {highlevel, unknown}

   This book is beyond your current level of understanding.

   Spells                             Type                      Level
   a - Haunt                          Necromancy/Summoning         7
   b - Borgnjor's Revivification      Necromancy                   8
   c - Death's Door                   Charms/Necromancy            8
   d - Necromutation                  Transmutation/Necromancy     8
 L - a book of Alchemy

   Spells                             Type                      Level
   a - Sublimation of Blood           Necromancy                   2
   b - Alistair's Intoxication        Transmutation/Poison         4
   c - Condensation Shield            Ice                          4
   d - Petrify                        Transmutation/Earth          4
   e - Ignite Poison                  Fire/Transmutation           5
   f - Irradiate                      Conjuration/Transmutation    5
Comestibles
 b - 3 bread rations
 l - 5 fruits
 J - 2 meat rations
 O - 2 royal jellies


   Skills:
 - Level 0.2 Fighting
 + Level 5.0 Staves
 - Level 1.7 Dodging
 - Level 1.7 Stealth
 - Level 2.0 Spellcasting
 - Level 10.7 Conjurations
 + Level 4.4 Charms


You had one spell level left.
You knew the following spells:

 Your Spells              Type           Power        Failure   Level  Hunger
a - Magic Dart            Conj           ####         1%          1    #......
b - Searing Ray           Conj           #####.       1%          2    ###....
c - Dazzling Spray        Conj/Hex       ###.....     10%         3    ###....
d - Iskenderun's Battles  Conj/Chrm      ####....     24%         5    ######.


Dungeon Overview and Level Annotations

Branches:
Dungeon (7/15)             Temple (1/1) D:6

Altars:
Ashenzari
Cheibriados
Dithmenos
Elyvilon
Fedhas
Gozag
Kikubaaqudgha
Makhleb
Nemelex Xobeh
Okawaru
Qazlal
Ru
Sif Muna
Trog
Vehumet
Yredelemnul
Zin
The Shining One

Annotations:
D:3 Thalios' ghost, average GrFi
D:4 Edmund
D:7 exclusion: door, Joseph


Innate Abilities, Weirdness & Mutations

You can breathe blasts of fire.
Your fiery red scales are hard (AC +7).
Your body does not fit into most forms of armour.
Your flesh is heat resistant.
Your cold-blooded metabolism reacts poorly to cold.


Message History

* * * LOW HITPOINT WARNING * * *
The black bear claws you.
* * * LOW HITPOINT WARNING * * *
The black bear claws you.
* * * LOW HITPOINT WARNING * * *
Casting: Searing Ray
Confirm with . or Enter, or press ? or * to list all spells.
Aiming: Dazzling Spray
Press: ? - help, Shift-Dir - straight line, f - black bear
Aim: a black bear (almost dead, berserk, fast, unusually strong, poisoned)
The spray of energy hits the black bear.
You kill the black bear!
Your Staves skill increases to level 5!
Joseph unwields an uncursed quarterstaff of distortion.
Its appearance distorts for a moment.
Joseph wields a glowing hunting sling.
It is covered in frost.
Joseph shoots a sling bullet.
The sling bullet hits you!
* * * LOW HITPOINT WARNING * * *
The sling bullet freezes you!
You die...

#........##.######.
###....#.#....
#.....#.#####.#
##......@.# #
#..)#.....#
#...#.....#
#.........# #
##.(.####†####....#
#.......@..........
#.#...###.####.....
#.#.......# .
##+#...###.#
#........###
######........#
#.............###
#.####........'.# #
#........#.####


You could see Joseph.

Vanquished Creatures
  The ghost of emiel the Transmogrifier, an experienced NaTm of Cheibriados (D:7)
  An orc warrior (D:6)
  2 black bears
  3 ogres
  A phantom (D:4)
  Blork the orc (D:4)
  A giant frog (D:6)
  A water moccasin zombie (D:6)
  A scorpion (D:4)
  2 jellies (D:5)
  A giant frog zombie (D:6)
  3 crimson imps
  3 hounds
  4 orc priests
  2 giant frog skeletons (D:5)
  A worker ant (D:4)
  Natasha (D:4)
  An iguana (D:5)
  A killer bee zombie (D:7)
  3 orc wizards
  Ijyb (D:4)
  A hound skeleton (D:4)
  A mummy (D:6)
  A gnoll (D:5)
  12 adders
  2 shadow imps
  A giant mite (D:2)
  4 worms
  An adder skeleton (D:5)
  2 giant geckos
  13 orcs
  12 bats
  6 goblins
  17 hobgoblins
  11 jackals
  3 quokkas
  A ball python (D:1)
  7 giant cockroaches
  A giant gecko skeleton (D:5)
  2 giant newts
  9 kobolds
  17 rats
  A rat zombie (D:5)
160 creatures vanquished.

Notes
Turn   | Place    | Note
--------------------------------------------------------------
     0 | D:1      | BobbyTwoHands, the Draconian Conjurer, began the quest for the Orb.
     0 | D:1      | Reached XP level 1. HP: 14/14 MP: 3/3
   315 | D:1      | Reached XP level 2. HP: 14/20 MP: 4/4
   558 | D:1      | Learned a level 2 spell: Searing Ray
  1102 | D:2      | Reached skill level 5 in Conjurations
  1102 | D:2      | Reached XP level 3. HP: 24/26 MP: 6/6
  1571 | D:2      | Reached XP level 4. HP: 31/33 MP: 7/7
  1662 | D:2      | Found a bloodstained altar of Trog.
  1864 | D:2      | Reached skill level 6 in Conjurations
  2191 | D:3      | Noticed Thalios' ghost (average GrFi)
  2351 | D:2      | Learned a level 3 spell: Dazzling Spray
  2749 | D:2      | Reached XP level 5. HP: 18/38 MP: 0/9
  3528 | D:4      | Found a basalt altar of Yredelemnul.
  3610 | D:5      | Entered Level 5 of the Dungeon
  3633 | D:4      | Found a burning altar of Makhleb.
  3652 | D:4      | Reached skill level 7 in Conjurations
  3668 | D:4      | Found a sacrificial altar of Ru.
  3736 | D:4      | Reached XP level 6. HP: 28/45 MP: 10/10
  4115 | D:4      | Noticed Ijyb
  4118 | D:4      | Noticed an ogre
  4142 | D:4      | Killed Ijyb
  4430 | D:4      | Noticed Natasha
  4689 | D:4      | Noticed Edmund
  4759 | D:4      | Killed an ogre
  4759 | D:4      | Reached skill level 8 in Conjurations
  4796 | D:4      | Noticed Blork the orc
  4810 | D:4      | Killed Blork the orc
  4810 | D:4      | Your scales start taking on a fiery red colour.
  4810 | D:4      | Gained mutation: Your flesh is heat resistant. [draconian maturity]
  4810 | D:4      | Reached XP level 7. HP: 44/50 MP: 9/12
  4873 | D:4      | Killed Natasha
  5131 | D:4      | Reached skill level 9 in Conjurations
  5202 | D:5      | Found a shadowy altar of Dithmenos.
  5449 | D:5      | Noticed an ogre
  5459 | D:5      | Killed an ogre
  5518 | D:5      | Noticed an ogre
  5525 | D:5      | Killed an ogre
  5693 | D:5      | Reached skill level 10 in Conjurations
  5798 | D:5      | Reached XP level 8. HP: 57/57 MP: 13/13
  5962 | D:5      | Found an ancient bone altar of Kikubaaqudgha.
  6635 | D:5      | Learned a level 5 spell: Iskenderun's Battlesphere
  6873 | D:6      | Found a staircase to the Ecumenical Temple.
  6881 | Temple   | Entered the Ecumenical Temple
  6938 | Temple   | Became a worshipper of Sif Muna the Loreminder
  7058 | D:6      | Reached skill level 1 in Staves
  7145 | D:6      | Reached skill level 1 in Charms
  8333 | D:7      | Noticed Joseph
  8350 | D:7      | Noticed emiel's ghost (experienced NaTm)
  8360 | D:7      | Killed emiel's ghost
  8360 | D:7      | Acquired Sif Muna's first power
  8360 | D:7      | Reached XP level 9. HP: 33/62 MP: 14/14
  8378 | D:7      | Reached skill level 5 in Staves
  8378 | D:7      | HP: 3/62 [Joseph/sling bullet (16)]
  8378 | D:7      | Shot with a sling bullet by Joseph

Action                   |  1- 3 |  4- 6 |  7- 9 || total
-------------------------+-------+-------+-------++-------
Melee: Short sword       |   152 |    42 |       ||   194
       Unarmed           |    14 |       |       ||    14
       Dagger            |       |   159 |   294 ||   453
 Cast: Magic Dart        |     9 |    10 |     1 ||    20
       Searing Ray       |     1 |    12 |     8 ||    21
       Dazzling Spray    |       |     3 |    17 ||    20
 Abil: Breathe Fire      |       |       |    21 ||    21
  Use: Scroll            |     1 |     4 |     5 ||    10
       Potion            |       |     1 |       ||     1
 Stab: Sleeping          |     2 |     1 |       ||     3
       Invisible         |       |       |     6 ||     6
  Eat: Chunk             |     3 |     9 |    16 ||    28
       Royal jelly       |       |     1 |       ||     1
       Pizza             |       |       |     1 ||     1
